 Dungeon Crawl Stone Soup version 0.27-a0-1154-gfdeffcb720 (webtiles) character file.

Game seed: 16270299112281860681

235 freelancePsychic the Changer (level 6, -1/46 HPs)
             Began as a Merfolk Transmuter on May 14, 2021.
             Slain by an ufetubus (2 damage)
             ... on level 5 of the Dungeon.
             The game lasted 00:08:48 (4914 turns).

freelancePsychic the Changer (Merfolk Transmuter)   Turns: 4914, Time: 00:08:48

Health: -1/46      AC:  2    Str:  9 (12) XL:     6   Next: 5%
Magic:  8/8        EV: 12    Int: 11 (13) God:
Gold:   209        SH:  5    Dex: 11 (14) Spells: 5/9 levels left

rFire    . . .     SeeInvis .   p - +8 arc blade {discharge, rElec}
rCold    . . .     Faith    .   (no shield)
rNeg     . . .     Spirit   .   a - +0 robe
rPois    .         Reflect  +   (helmet restricted)
rElec    +         Harm     .   (no cloak)
rCorr    .         Rampage  .   (no gloves)
Will     .....                  (no boots)
Stlth    +.........             f - amulet of reflection
HPRegen  0.15/turn              (no ring)
MPRegen  0.11/turn              (no ring)

@: no status effects
A: (nimble swimmer 2), mertail, horns 1, low mp 1
a: no special abilities


You were on level 5 of the Dungeon.
You visited 1 branch of the dungeon, and saw 5 of its levels.

You collected 209 gold pieces.

Inventory:

Hand Weapons
 p - the +8 arc blade (weapon) {discharge, rElec}
   (You found it on level 4 of the Dungeon)

   It insulates you from electricity.
Armour
 a - a +0 robe (worn)
 h - a +0 leather armour of cold resistance
 o - a +2 kite shield
Jewellery
 f - an amulet of reflection (around neck)
 m - a ring of resist corrosion
 q - an amulet of regeneration
Wands
 e - a wand of polymorph (8)
Scrolls
 g - a scroll of identify {@r1}
 j - a scroll of enchant weapon
 l - a scroll of vulnerability {unknown}
 n - a scroll of amnesia {unknown}
Potions
 b - a potion of degeneration
 c - a potion of might {unknown}
 d - 3 potions of mutation
 i - a potion of brilliance {unknown}
 k - a potion of berserk rage {unknown}


   Skills:
 + Level 2.6 Fighting
 * Level 2.7 Short Blades
 + Level 2.8 Dodging
 - Level 3.2 Unarmed Combat
 - Level 2.1 Spellcasting
 - Level 5.9 Transmutations
 - Level 2.0 Poison Magic


You had 5 spell levels left.
You knew the following spells:

 Your Spells              Type           Power      Damage    Failure   Level
a - Beastly Appendage     Tmut           28%        N/A       2%          1
b - Spider Form           Tmut/Pois      4%         N/A       17%         3

Your spell library contained the following spells:

 Spells                   Type           Power      Damage    Failure   Level
 Wereblood                Tmut           14%        N/A       3%          2
 Hydra Form               Tmut           7%         N/A       56%         5
 Ice Form                 Ice/Tmut       7%         N/A       63%         4


Dungeon Overview and Level Annotations

Branches:
Dungeon (5/15)
 Temple: D:4-7

Altars:
Elyvilon


Innate Abilities, Weirdness & Mutations

((You are quick and stealthy near water. (Stealth+, EV+, Speed+++)))
Your lower body shifts to a powerful aquatic tail in water.
You have a pair of small horns on your head.
Your magical capacity is low. (-10% MP)


Message History

The iguana bites you.
You barely miss the iguana.
The iguana is almost dead.
The iguana barely misses you.
You completely miss the iguana.
The iguana is almost dead.
The iguana barely misses you.
You closely miss the iguana.
The iguana is almost dead.
The iguana barely misses you. The iguana bites you!
You hit the iguana.
The iguana is almost dead.
The orc hits you with a +0 club! You block the iguana's attack.
You hit the iguana.
You kill the iguana!
The orc hits you with a +0 club!
* * * LOW HITPOINT WARNING * * *
The orc hits you with a +0 club.
* * * LOW HITPOINT WARNING * * *
You have reached level 6!
Your experience leads to an increase in your attributes!
Increase (S)trength, (I)ntelligence, or (D)exterity?
You feel stronger.
You see here 18 stones.
An ufetubus comes into view.
The ufetubus shouts!
A jackal comes into view.
Okay, then.
It was a potion of mutation.
You feel extremely strange.
You feel less energetic. A pair of horns grows on your head!
The orc misses you. The ufetubus barely misses you. The ufetubus hits you.
* * * LOW HITPOINT WARNING * * *
The jackal barks!
A jackal comes into view.
It was a potion of degeneration.
There was something very wrong with that liquid.
You feel weakened.
You feel dopey.
You feel clumsy.
A jackal comes into view.
The ufetubus hits you.
You die...

#####.####.# #
...........##.##.##
#.[............
#.###.....#...#.#
#........## ....
........(## ....#
#####.....###.##.#
# ..........#.#
#.###..##
##########.#
#@....hhh
#.####5###..##
#<....o# ######.#
#.# ..# ###


You could see an orc, an ufetubus and 3 jackals.

Vanquished Creatures
  A scorpion (D:4)
  A centaur skeleton (D:4)
  An iguana (D:5)
  A hound skeleton (D:4)
  A howler monkey zombie (D:4)
  2 adders
  A worm (D:3)
  3 dart slugs
  6 orcs
  4 ball pythons
  5 endoplasms
  3 giant cockroaches
  9 goblins
  2 hobgoblins (D:1)
  A quokka (D:3)
  8 bats
  2 frilled lizards
  9 kobolds
  4 rats
64 creatures vanquished.

Notes
Turn   | Place    | Note
-------+----------+-------------------------------------------
     0 | D:1      | freelancePsychic the Merfolk Transmuter began the quest for
                  | the Orb.
     0 | D:1      | Reached XP level 1. HP: 15/15 MP: 3/3
   336 | D:1      | Reached skill level 3 in Transmutations
   358 | D:1      | Reached skill level 1 in Poison Magic
   358 | D:1      | Reached XP level 2. HP: 18/21 MP: 3/5
  1265 | D:2      | Found a faded altar of an unknown god.
  1380 | D:2      | Reached XP level 3. HP: 25/26 MP: 6/6
  1464 | D:2      | Reached skill level 4 in Transmutations
  1752 | D:2      | Learned a level 3 spell: Spider Form
  3255 | D:3      | Reached XP level 4. HP: 30/32 MP: 3/7
  3742 | D:3      | Reached skill level 5 in Transmutations
  4190 | D:4      | Reached XP level 5. HP: 37/37 MP: 8/8
  4214 | D:4      | Found the +8 arc blade {discharge, rElec}
  4407 | D:4      | Identified the +9 dagger of Valiance {vorpal, rC+ rN+
                  | Dex+7}
  4741 | D:4      | Found a white marble altar of Elyvilon.
  4821 | D:5      | Entered Level 5 of the Dungeon
  4845 | D:5      | Noticed a water moccasin
  4900 | D:5      | Reached XP level 6. HP: 2/46 MP: 9/9
  4912 | D:5      | Gained mutation: Your magical capacity is low. (-10% MP)
                  | [potion of mutation]
  4912 | D:5      | Gained mutation: You have a pair of small horns on your
                  | head. [potion of mutation]
  4912 | D:5      | HP: 1/46 [ufetubus (3)]
  4914 | D:5      | Slain by an ufetubus

Illustrated notes

Levels and vault maps discovered:
D:1:      dpeg_arrival_orchard, layout_basic, minivault_19,
          kennysheep_minor_cross
D:2:      layout_basic, shapermc_ecumenical_altar_venn,
          chequers_serial_rivers_micro_c, st_stairs_9
D:3:      layout_basic
D:4:      layout_basic, nicolae_elyvilon_peaceful_grove
D:5:      layout_loops_ring, kiku_gazebo_garden_becter,
          grunt_temple_overflow_diamond, uniq_pikel, uniq_crazy_yiuf_cottage

Skill      XL: |  1  2  3  4  5 |
---------------+----------------+-----
Transmutations | 3 4 5 |  5.9
Poison Magic   | 1 2 |  2.0
Fighting       | 2 |  2.6
Short Blades   | 2 |  2.7
Dodging        | |  2.8
Unarmed Combat | |  3.2
Spellcasting   | |  2.1

Action                   |  1- 3 |  4- 6 || total
-------------------------+-------+-------++-------
Melee: Unarmed           |   139 |    49 ||   188
       Headbutt          |     7 |     1 ||     8
       Rapier            |       |    28 ||    28
 Cast: Beastly Appendage |    12 |     1 ||    13
       Spider Form       |     1 |     4 ||     5
  Use: Scroll            |       |     1 ||     1
       Potion            |       |     2 ||     2
 Stab: Sleeping          |     2 |       ||     2
Armor: Robe              |    39 |     5 ||    44
       Skin              |       |     8 ||     8
Dodge: Dodged            |    83 |    78 ||   161
Block: Other             |    31 |    24 ||    55
       Reflection        |     1 |       ||     1
       Kite shield       |       |     3 ||     3

Table legend: (Time is in decaauts)
 A = Elapsed time spent in this place.
 B = Non-inter-level travel time spent in this place.
 C = Inter-level travel time spent in this place.
 D = Time resting spent in this place.
 E = Time spent auto-exploring this place.
 F = Levels seen in this place.
 G = Mean time per level.
                   A        B        C        D        E       F      G
               +--------+--------+--------+--------+--------+-----+--------+
         Total |   4909 |   4752 |    157 |    587 |   3512 |   5 |  981.8 |
       Dungeon |   4909 |   4752 |    157 |    587 |   3512 |   5 |  981.8 |
               +--------+--------+--------+--------+--------+-----+--------+

Top non-repeatable levels by time:
     D:3: 1859 daAuts
     D:2: 1101 daAuts
     D:1: 1082 daAuts
     D:4: 797 daAuts
     D:5: 68 daAuts
